 Dungeon Crawl Stone Soup version 0.29.0-4-gdea44cf6ec (webtiles) character file.

Game seed: 10930657226705241067

14 qw the Chopper (level 2, -1/17 HPs)
             Began as a Tengu Warper on Aug 28, 2022.
             Succumbed to their own poison gas
             ... on level 1 of the Dungeon.
             The game lasted 00:00:03 (881 turns).

qw the Chopper (Tengu Warper)                        Turns: 881, Time: 00:00:04

Health: -1/17      AC:  3    Str: 11    XL:     2   Next: 41%
Magic:  6/6        EV: 11    Int: 13    God:
Gold:   77         SH:  0    Dex: 13    Spells: 5/5 levels left

rFire   . . .      SeeInvis .   Y - +0 hand axe
rCold   . . .      Faith    .   (no shield)
rNeg    . . .      Spirit   .   b - +0 leather armour
rPois   .          Reflect  .   (helmet restricted)
rElec   .          Harm     .   (no cloak)
rCorr   .          Rampage  .   (no gloves)
Will    .....                   (boots unavailable)
Stlth   +.........              (no amulet)
HPRegen 0.05/turn               (no ring)
MPRegen 0.10/turn               (no ring)

@: lethally poisoned (-1 -> -20)
A: beak, talons 3
a: no special abilities


You were on level 1 of the Dungeon.
You visited 1 branch of the dungeon, and saw 1 of its levels.

You collected 77 gold pieces.


Innate Abilities, Weirdness & Mutations

You have a beak for a mouth.
You have claws for feet.


   Skills:
 - Level 2.0 Fighting
 + Level 3.3 Axes
 - Level 1.0 Throwing
 - Level 1.1 Armour
 - Level 2.1 Dodging
 - Level 2.0 Spellcasting
 - Level 2.4 Translocations


You had 5 spell levels left.
You didn't know any spells.
Your spell library contained the following spells:

 Spells                   Type           Power      Damage    Failure   Level
 Blink                    Tloc           14%        N/A       19%         2
 Gell's Gravitas          Tloc           7%         N/A       36%         3
 Lesser Beckoning         Tloc           7%         N/A       36%         3
 Teleport Other           Tloc           7%         N/A       36%         3
 Manifold Assault         Tloc           7%         N/A       98%         5

Inventory:

Hand Weapons
 f - a +0 whip
 Y - a +0 hand axe (weapon)
Armour
 b - a +0 leather armour (worn)

Dungeon Overview and Level Annotations

Branches:
Dungeon (1/15)

Altars:


Message History

A bat comes into view.
Found a leather armour.
You closely miss the bat. The bat hits you but does no damage.
The bat completely misses you.
You hit the bat. You claw the bat.
You kill the bat!
You open the door.
An endoplasm comes into view.
The endoplasm quivers.
You slash the endoplasm!
You kill the endoplasm!
There is an escape hatch in the floor here.
Done exploring.
Done exploring.
876 ||| READING scroll labelled LIKAPO CUNOTO.
As you read the scroll labelled LIKAPO CUNOTO, it crumbles to dust.
You hear a loud clanging noise!
It was a scroll of noise.
Done exploring.
877 ||| READING 2 scrolls labelled ANIERAFONOR.
The air fills with toxic fumes!
As you read the scroll labelled ANIERAFONOR, it crumbles to dust.
It was a scroll of poison.
Done exploring.
878 ||| DROPPING scroll of blinking.
You drop a scroll of blinking.
Done exploring.
879 ||| DROPPING scroll of poison.
You drop a scroll of poison.
Done exploring.
(D) Dungeon
Where to? (* - list waypoints, ? - help)
What level of the Dungeon? (default 1, ? - help) Sorry, I don't know how to get there.
Done exploring.
880 ||| Stepping randomly (stuck).
Really walk into that cloud of poison gas?
You are engulfed in poison gas.
You are lethally poisoned!
You feel very sick.
881 ||| Stepping ~*~*~tactically~*~*~ (cloud).
You die...

#.#.#
#.#.#.########
#.#.#
#...#.........
#.#¤#
########...###
#.#¤#
#...##......
#.#¤#
#...##...###
#.#¤#
#.....)...##
#.#¤#
#.........##
#.#¤#
#.........##
#.#@#
#.........##
#.#¤#
#.........##
#.#¤#
#.........##
##.#¤#
#.........##
#..¤¤#
#.......####
######
#.......# #
#.......# #
##......# #
#......# #


There were no monsters in sight!

Vanquished Creatures
  An endoplasm (D:1)
  A giant cockroach (D:1)
  2 hobgoblins (D:1)
  A ball python (D:1)
  3 bats (D:1)
  2 kobolds (D:1)
  3 rats (D:1)
13 creatures vanquished.

Notes
Turn   | Place    | Note
-------+----------+-------------------------------------------
     0 | D:1      | qw the Tengu Warper began the quest for the Orb.
     0 | D:1      | Reached XP level 1. HP: 12/12 MP: 4/4
     0 | D:1      | 0 ||| qw: Version: 0.1-a-89-g26bdef1
     0 | D:1      | 0 ||| qw: Game counter: 2364
     0 | D:1      | 0 ||| qw: Always use a shield: true
     0 | D:1      | 0 ||| qw: God list: Okawaru
     0 | D:1      | 0 ||| qw: Allow faded altars: false
     0 | D:1      | 0 ||| qw: Do Orc after D:15 true
     0 | D:1      | 0 ||| qw: Do second Lair branch before Depths: true
     0 | D:1      | 0 ||| qw: Lair rune preference: random
     0 | D:1      | 0 ||| qw: Plans: Normal
     0 | D:1      | 0 ||| PLANNING D:1-11
   142 | D:1      | Found a faded altar of an unknown god.
   270 | D:1      | Reached XP level 2. HP: 16/17 MP: 6/6
   298 | D:1      | Reached skill level 3 in Axes
   299 | D:1      | 299 ||| Stepping ~*~*~tactically~*~*~ (stealth).
   876 | D:1      | 876 ||| READING scroll labelled LIKAPO CUNOTO.
   877 | D:1      | 877 ||| READING 2 scrolls labelled ANIERAFONOR.
   878 | D:1      | 878 ||| DROPPING scroll of blinking.
   879 | D:1      | 879 ||| DROPPING scroll of poison.
   880 | D:1      | 880 ||| Stepping randomly (stuck).
   880 | D:1      | HP: 3/17 [poisoned by you (poison gas)]
   881 | D:1      | 881 ||| Stepping ~*~*~tactically~*~*~ (cloud).
   881 | D:1      | Succumbed to their own poison gas

Levels and vault maps discovered:
D:1:      lemuel_arrival_rhombus, layout_basic,
          hellmonk_ecumenical_altar_inner_sanctum

Skill      XL: |  1  2 |
---------------+-------+-----
Axes           | 3 |  3.3
Fighting       | |  2.0
Throwing       | |  1.0
Armour         | |  1.1
Dodging        | |  2.1
Spellcasting   | |  2.0
Translocations | |  2.4

Action                   || total
-------------------------++-------
Melee: Hand axe          ||    21
       Kick              ||     4
       Peck              ||     2
Throw: Boomerang         ||     7
  Use: Scroll            ||     2
Armor: Leather armour    ||     5
Dodge: Dodged            ||     9

Table legend:
 A = Non-vault XP
 B = Vault XP
 C = Vault XP percentage of total XP
 D = Non-vault monster count
 E = Vault monster count
 F = Vault count percentage of total count
                 A         B        C        D         E       F
            +---------+---------+-------+---------+---------+-------
      Total |      20 |       0 |   0.0 |      13 |       0 |   0.0
            +---------+---------+-------+---------+---------+-------
        D:1 |      20 |       0 |   0.0 |      13 |       0 |   0.0
            +---------+---------+-------+---------+---------+-------
